Map: Abyssal Reef LE

Players

Fresh - Winner!

  • Race: Zerg Zerg
  • League: Diamond
  • Spawn Location: 11:00

Dessa

  • Race: Zerg Zerg
  • League: Diamond
  • Spawn Location: 5:00

VOD

Have the link to the VOD?

Description

Time

  • Played on: Jan. 4, 2018, 2:30 p.m.
  • Length: 14:52
Show
View Real Time Build Order
Export as new Build Order

Fresh Zerg - Winner!

Build Orders: Pool First 

Get SALT Encoding   

  12  0:18  Spawning Pool  
  11  0:23  Drone  
  12  0:31  Overlord  
  12  0:36  Drone  
  13  0:47  Drone  
  14  1:05  Zergling x4  
  14  1:06  Zergling x2  
  14  1:08  Queen  
  19  1:17  Zergling x2  
  20  1:38  Hatchery  
  19  1:49  Queen  
  22  1:59  Drone  
  22  2:04  Overlord  
  22  2:32  Drone x4  
  22  2:33  Drone  
  26  2:40  Queen  
  26  2:44  Spine Crawler  
  24  3:01  Extractor  
  24  3:02  Spine Crawler  
  22  3:09  Drone x2  
  22  3:10  Drone  
  25  3:15  Spine Crawler  
  25  3:19  Drone x2  
  26  3:22  Drone  
  26  3:23  Drone  
  28  3:36  Drone x4  
  32  3:56  Overlord x2  
  32  4:01  Extractor  
  31  4:03  Roach Warren  
  30  4:19  Drone x5  
  30  4:20  Drone x5  
  40  4:28  Overlord  
  40  4:36  Lair  
  31  4:50  Roach x3  
  37  4:53  Zergling x2  
  37  4:59  Zergling x2  
  31  5:12  Drone  
  31  5:13  Drone  
  31  5:14  Drone x4  
  31  5:22  Roach x2  
  35  5:32  Drone x2  
  37  5:49  Drone x2  
  39  5:51  Drone, Queen  
  42  5:58  Glial Reconstitution  
  42  6:02  Drone, Extractor  
  42  6:03  Drone x2, Extractor  
  44  6:04  Drone  
  44  6:15  Drone x2  
  44  6:16  Drone x2  
  48  6:22  Overlord  
  48  6:42  Roach  
  48  6:43  Roach x4  
  48  6:44  Metabolic Boost  
  58  6:58  Hydralisk Den  
  57  7:02  Roach  
  59  7:12  Overlord x2  
  59  7:14  Burrow  
  59  7:25  Overlord x2  
  59  7:32  Muscular Augments  
  59  7:37  Hydralisk  
  59  7:38  Hydralisk  
  59  7:39  Roach  
  55  8:00  Roach  
  55  8:01  Roach x3, Hydralisk  
  65  8:06  Ravager  
  66  8:15  Roach x3  
  66  8:19  Roach x2  
  76  8:34  Roach x4  
  84  8:44  Ravager  
  84  8:45  Ravager x5  
  73  9:10  Roach  
  73  9:11  Roach x7  
  73  9:12  Roach  
  73  9:16  Roach x7  
  76  9:27  Evolution Chamber x2  
  74  9:39  Tunneling Claws  
  71  9:57  Hatchery  
  71  9:58  Roach  
  71  9:59  Roach x3  
  78  10:06  Zerg Missile Weapons Level 1  
  78  10:10  Zerg Ground Armor Level 1  
  78  10:15  Drone  
  78  10:20  Roach  
  81  10:21  Ravager  
  81  10:23  Ravager  
  81  10:26  Ravager  
  84  10:34  Overlord x2  
  84  10:51  Overlord  
  84  11:02  Drone x5  
  84  11:03  Drone x4  
  93  11:05  Roach x5  
  93  11:07  Roach x3  
  93  11:08  Roach x3  
  89  11:31  Roach  
  89  11:32  Roach x6  
  90  11:46  Roach x5  
  90  11:47  Roach  
  87  12:05  Roach  
  87  12:06  Roach x6  
  91  12:17  Roach  
  91  12:19  Roach  
  91  12:20  Roach x3  
  99  12:35  Roach x5  
  99  12:43  Roach x7  
  111  12:57  Roach x3  
  114  12:59  Roach x6  
  114  13:11  Roach  
  114  13:12  Roach x5  
  112  13:29  Overlord  
  112  13:30  Overlord x2  
  110  13:42  Roach x2  
  114  13:56  Roach  
  102  14:30  Hatchery  
Show
View Real Time Build Order
Export as new Build Order

Dessa Zerg 

Build Orders: Pool First, Zergling Baneling 

Get SALT Encoding   

  12  0:01  Drone  
  13  0:13  Overlord  
  13  0:17  Drone  
  14  0:31  Drone  
  14  0:32  Drone  
  17  0:35  Drone  
  17  0:38  Extractor  
  16  0:46  Drone  
  17  0:53  Spawning Pool  
  17  0:57  Drone  
  17  1:20  Hatchery  
  17  1:24  Drone  
  17  1:29  Drone  
  18  1:34  Overlord  
  18  1:41  Metabolic Boost  
  18  1:51  Drone  
  19  1:57  Queen  
  21  2:02  Zergling x2  
  21  2:04  Zergling x2  
  23  2:12  Zergling x2  
  24  2:33  Zergling x2  
  22  2:41  Zergling x2  
  17  2:52  Queen  
  19  3:02  Zergling x2  
  19  3:03  Zergling x2  
  21  3:08  Hatchery  
  21  3:10  Zergling x2  
  21  3:17  Drone  
  22  3:22  Baneling Nest  
  21  3:32  Zergling x2  
  22  3:38  Drone  
  23  4:00  Zergling x2  
  24  4:04  Zergling x6  
  24  4:05  Baneling x5  
  27  4:19  Zergling x2  
  24  4:47  Baneling x2  
  24  4:48  Baneling x2  
  22  5:00  Drone x3  
  22  5:01  Drone x4  
  26  5:14  Drone x2, Queen  
  28  5:21  Roach Warren  
  28  5:23  Zergling x2  
  28  5:24  Zergling x2  
  29  5:34  Spine Crawler  
  28  5:36  Zergling x4  
  28  5:37  Spine Crawler  
  28  5:40  Queen  
  31  5:46  Drone  
  31  5:47  Zergling x6  
  35  5:50  Drone  
  36  6:01  Overlord  
  37  6:20  Drone x3  
  37  6:21  Drone x2  
  37  6:24  Drone  
  37  6:25  Drone  
  44  6:27  Overlord  
  44  6:30  Lair  
  44  6:45  Extractor  
  44  6:46  Drone x4  
  47  6:47  Extractor  
  47  6:50  Overlord  
  46  7:00  Drone x3  
  48  7:02  Drone  
  48  7:03  Drone x2  
  48  7:04  Drone  
  52  7:10  Drone  
  52  7:14  Roach  
  55  7:19  Roach  
  55  7:20  Overlord  
  59  7:23  Roach  
  59  7:26  Baneling x5  
  59  7:27  Baneling  
  59  7:28  Glial Reconstitution  
  59  7:40  Roach x2  
  59  7:58  Roach x2  
  59  7:59  Roach x3  
  59  8:04  Extractor  
  66  8:06  Roach  
  68  8:15  Overlord x2  
  68  8:21  Spine Crawler, Overlord  
  68  8:22  Pneumatized Carapace, Overlord  
  67  8:27  Evolution Chamber  
  67  8:29  Overlord  
  67  8:30  Overlord, Evolution Chamber  
  65  8:35  Roach  
  71  8:41  Roach x5  
  71  8:42  Roach x3  
  71  8:46  Queen  
  85  8:54  Ravager x4  
  85  8:55  Ravager, Overlord  
  76  9:21  Roach x3  
  80  9:26  Roach x4  
  88  9:32  Zerg Missile Weapons Level 1  
  88  9:36  Hatchery  
  87  10:13  Drone x3  
  90  10:16  Hatchery  
  90  10:18  Zerg Ground Armor Level 1  
  89  10:22  Hydralisk Den  
  88  10:46  Roach x2, Extractor  
  91  10:54  Overlord  
  91  10:55  Overlord  
  91  11:05  Overlord x2  
  91  11:06  Overlord  
  91  11:09  Ravager  
  92  11:14  Roach x4  
  67  11:48  Hydralisk  
  67  11:49  Roach x4, Hydralisk x5  
  67  11:50  Hydralisk x4  
  95  11:55  Overseer  
  95  11:56  Overseer  
  95  12:31  Drone x3  
  95  12:34  Drone  
  95  12:35  Drone x2  
  101  12:41  Roach x2  
  105  12:57  Hydralisk x2  
Tags
 
Matchup
ZvZ
Race
Zerg
Replay Pack
2017S4
Spawn Locations
Cross Positions
Add a new tag
Caveats
  • Supply blocks, unpowered buildings, or Contaminate may cause inaccurate times.
  • Supply counts are checked every 10 seconds.